[Event "DVM U12w 2024"]
[Site "Bad Homburg"]
[Date "2024.12.27"]
[Round "1"]
[White "Scarlat-Timofte, Elena"]
[Black "Henn, Lena"]
[Result "0-1"]
[ECO "B07"]
[WhiteElo "1024"]
[BlackElo "808"]
[Annotator "NA RC"]
[PlyCount "74"]
[EventDate "2024.12.23"]
[EventType "team-tourn"]
[EventRounds "7"]
[EventCountry "GER"]
[SourceTitle "playchess.com"]
[Source "ChessBase"]
[SourceQuality "1"]
[TimeControl "40/5400+30:1800+30"]

1. e4 d6 2. Nf3 Nf6 3. Nc3 g6 4. Bc4 Bg7 5. d3 O-O 6. Bg5 c6 7. O-O a5 8. e5 dxe5 9. Nxe5 b5 10. Bb3 a4 11. Nxf7 Rxf7 12. Bxf7+ Kxf7 13. Qf3 Qd6 14. Ne4 Qe6 15. Nc5 Qe5 16. Ne4 Nbd7 17. Bf4 Qf5 18. Ng5+ Kg8 19. Qe3 Nd5 20. Qf3 Nxf4 21. Ne4 Ne5 22. Qe3 Ng4 23. Qf3 Qe5 24. Qxg4 Bxg4 25. h3 Bf5 26. Rae1 Qxb2 27. Ng5 Bf6 28. Ne4 Qxa2 29. g3 Nxh3+ 30. Kg2 Qxc2 31. Re3 Rd8 32. Nxf6+ exf6 33. d4 Rxd4 34. Re8+ Kg7 35. Re7+ Kh6 36. Rf7 Qe4+ 37. Kh2 Qe2 0-1

[Event "DVM U12w 2024"]
[Site "Bad Homburg"]
[Date "2024.12.27"]
[Round "1"]
[White "Seyedfakhari, Elena"]
[Black "Gelbach, Amelia"]
[Result "0-1"]
[ECO "B40"]
[WhiteElo "986"]
[BlackElo "809"]
[Annotator "NA"]
[PlyCount "58"]
[EventDate "2024.12.23"]
[EventType "team-tourn"]
[EventRounds "7"]
[EventCountry "GER"]
[SourceTitle "playchess.com"]
[Source "ChessBase"]
[SourceQuality "1"]
[TimeControl "40/5400+30:1800+30"]

1. e4 c5 2. Nf3 e6 3. d4 cxd4 4. Nxd4 Nf6 5. Nc3 Bb4 6. a3 Bxc3+ 7. bxc3 Nxe4 8. Qg4 Qa5 9. Qf3 Nxc3 10. Nb3 Qe5+ 11. Kd2 Nd5 12. Bc4 Nf6 13. g3 O-O 14. Re1 Qc7 15. Bd3 Nc6 16. Qg2 d5 17. Bb2 Qe7 18. Bxf6 Qxf6 19. Qh3 g6 20. g4 Qxf2+ 21. Re2 Qf4+ 22. Re3 d4 23. Nxd4 Qxd4 24. Rf1 Ne5 25. Rg1 Bd7 26. Qh4 Nc4+ 27. Ke2 Qxe3+ 28. Kf1 Nd2+ 29. Kg2 Qf3# 0-1

[Event "DVM U12w 2024"]
[Site "Bad Homburg"]
[Date "2024.12.27"]
[Round "1"]
[White "Rabus, Luise"]
[Black "Augustin, Luisa"]
[Result "1/2-1/2"]
[ECO "C29"]
[WhiteElo "983"]
[BlackElo "797"]
[Annotator "NA"]
[PlyCount "39"]
[EventDate "2024.12.23"]
[EventType "team-tourn"]
[EventRounds "7"]
[EventCountry "GER"]
[SourceTitle "playchess.com"]
[Source "ChessBase"]
[SourceQuality "1"]
[TimeControl "40/5400+30:1800+30"]

1. e4 e5 2. Nc3 Nf6 3. f4 exf4 4. e5 Ng8 5. Nf3 Nc6 6. d4 d6 7. Bxf4 dxe5 8. dxe5 Qxd1+ 9. Rxd1 Bg4 10. Be2 Bc5 11. a3 Bd4 12. Nxd4 Nxd4 13. Bxg4 g6 14. Be3 Nxc2+ 15. Kf2 b5 16. Ke2 b4 17. Kd2 b3 18. a4 g5 19. Ra1 Ke7 20. h4 1/2-1/2

[Event "DVM U12w 2024"]
[Site "Bad Homburg"]
[Date "2024.12.27"]
[Round "1"]
[White "Kessler, Lisbeth Erna"]
[Black "Wang, Lexin Selina"]
[Result "1-0"]
[ECO "C50"]
[WhiteElo "926"]
[BlackElo "920"]
[Annotator "NA RC"]
[PlyCount "91"]
[EventDate "2024.12.23"]
[EventType "team-tourn"]
[EventRounds "7"]
[EventCountry "GER"]
[SourceTitle "playchess.com"]
[Source "ChessBase"]
[SourceQuality "1"]
[TimeControl "40/5400+30:1800+30"]

1. e4 e5 2. Nf3 Nc6 3. Bc4 Bc5 4. d3 d6 5. O-O Nf6 6. Bg5 h6 7. Bxf6 Qxf6 8. Nc3 Bg4 9. Nd5 Qd8 10. Bb5 O-O 11. Re1 Nd4 12. Ba4 Bxf3 13. gxf3 Qg5+ 14. Kf1 c6 15. Nc3 Qf4 16. Kg2 Qg5+ 17. Kf1 Qh4 18. Kg1 Rae8 19. Bb3 Nxb3 20. axb3 Qxf2+ 21. Kh1 Re6 22. Rf1 Qh4 23. Qe1 Qh3 24. Ne2 Rf6 25. Qg3 Qxg3 26. Nxg3 a6 27. Nh5 Rg6 28. f4 d5 29. fxe5 Rg5 30. Rf5 dxe4 31. dxe4 Re8 32. Rxg5 hxg5 33. Ng3 Rxe5 34. c3 Bf2 35. Ra4 g4 36. Ne2 Rh5 37. Kg2 Be3 38. Kg3 Rh3+ 39. Kg2 Kh7 40. e5 f5 41. e6 Kg8 42. Nd4 Bf4 43. Nxf5 Rxh2+ 44. Kg1 g5 45. e7 Kf7 46. Re4 1-0

[Event "DVM U12w 2024"]
[Site "Bad Homburg"]
[Date "2024.12.27"]
[Round "1"]
[White "Kuznetsova, Sofia"]
[Black "Ulianova, Anna"]
[Result "0-1"]
[ECO "C50"]
[WhiteElo "926"]
[BlackElo "1267"]
[Annotator "NA"]
[PlyCount "44"]
[EventDate "2024.12.23"]
[EventType "team-tourn"]
[EventRounds "7"]
[EventCountry "GER"]
[SourceTitle "playchess.com"]
[Source "ChessBase"]
[SourceQuality "1"]
[TimeControl "40/5400+30:1800+30"]

1. e4 e5 2. Nf3 Nc6 3. Bc4 Bc5 4. Nc3 Nf6 5. O-O d6 6. d3 h6 7. h3 O-O 8. Be3 Bb6 9. Nd5 Kh8 10. Qe2 Nxd5 11. exd5 Nd4 12. c3 Nxe2+ 13. Kh1 f5 14. g3 Bxe3 15. fxe3 Nxg3+ 16. Kg1 Nxf1 17. Kxf1 f4 18. exf4 exf4 19. Nd4 Bxh3+ 20. Kf2 Qh4+ 21. Ke2 Rae8+ 22. Kd2 Qf2+ 0-1

[Event "DVM U12w 2024"]
[Site "Bad Homburg"]
[Date "2024.12.27"]
[Round "1"]
[White "Gelbach, Julietta"]
[Black "Du, Vivian"]
[Result "0-1"]
[ECO "C50"]
[WhiteElo "855"]
[BlackElo "1144"]
[Annotator "NA"]
[PlyCount "118"]
[EventDate "2024.12.23"]
[EventType "team-tourn"]
[EventRounds "7"]
[EventCountry "GER"]
[SourceTitle "playchess.com"]
[Source "ChessBase"]
[SourceQuality "1"]
[TimeControl "40/5400+30:1800+30"]

1. e4 e5 2. Nf3 Nc6 3. Bc4 Bc5 4. d3 d6 5. h3 Nf6 6. Bg5 h6 7. Bh4 g5 8. Bg3 Qe7 9. Nc3 Bd7 10. O-O O-O-O 11. Re1 Rdg8 12. a3 h5 13. Bh2 g4 14. hxg4 hxg4 15. Nd2 g3 16. Bxg3 Rxg3 17. Nb3 Bb6 18. Na4 Rg7 19. Nxb6+ axb6 20. Qf3 Rgh7 21. Kf1 Rh1+ 22. Ke2 Rxe1+ 23. Kxe1 Rh1+ 24. Kd2 Rxa1 25. Nxa1 Nd4 26. Qg3 Qf8 27. Qg5 Ng4 28. c3 Nc6 29. f3 Qh6 30. Qxh6 Nxh6 31. g4 Be6 32. Bb5 Kd8 33. Nb3 Bxb3 34. Ke3 Ke7 35. d4 exd4+ 36. cxd4 Kf6 37. d5 Ne7 38. Kf4 Kg6 39. g5 Nhg8 40. Bd7 f6 41. Bf5+ Nxf5 42. exf5+ Kf7 43. g6+ Kg7 44. Kg4 Bxd5 45. f4 Ne7 46. b4 Bc4 47. a4 d5 48. Kf3 d4 49. Ke4 d3 50. Ke3 Nxf5+ 51. Kd2 Kxg6 52. Kc3 Kh5 53. b5 Kg4 54. Kd2 Kxf4 55. a5 bxa5 56. b6 cxb6 57. Kd1 Ke3 58. Ke1 d2+ 59. Kd1 Bb3# 0-1

[Event "DVM U12w 2024"]
[Site "Bad Homburg"]
[Date "2024.12.27"]
[Round "1"]
[White "Dinges, Mara"]
[Black "Scharfenberg, Leah"]
[Result "1/2-1/2"]
[ECO "A44"]
[WhiteElo "854"]
[BlackElo "1087"]
[Annotator "NA RC"]
[PlyCount "96"]
[EventDate "2024.12.23"]
[EventType "team-tourn"]
[EventRounds "7"]
[EventCountry "GER"]
[SourceTitle "playchess.com"]
[Source "ChessBase"]
[SourceQuality "1"]
[TimeControl "40/5400+30:1800+30"]

1. d4 c5 2. d5 e5 3. e4 d6 4. Nc3 Nf6 5. Bb5+ Bd7 6. Bxd7+ Nbxd7 7. Nf3 Be7 8. h3 Nf8 9. Be3 Ng6 10. Qd2 O-O 11. O-O h6 12. a3 Nh7 13. b4 b6 14. Rfb1 Bg5 15. Bxg5 Nxg5 16. Nxg5 hxg5 17. Qe2 Nf4 18. Qg4 Qf6 19. Ne2 Rfc8 20. Rc1 Rc7 21. Nxf4 Qxf4 22. Qxf4 gxf4 23. f3 Rac8 24. Ra2 cxb4 25. axb4 Rc4 26. Rxa7 Rxb4 27. Rd7 Rb2 28. Rxd6 b5 29. Rc6 Rb8 30. c3 Ra8 31. d6 Kf8 32. h4 Ke8 33. Rd1 Rd8 34. Rc7 Rb3 35. d7+ Ke7 36. Rd5 Ke6 37. Kh2 b4 38. cxb4 Rxb4 39. Rc6+ Ke7 40. Rcd6 Rb7 41. g3 fxg3+ 42. Kxg3 Rbxd7 43. Rxd7+ Rxd7 44. Rxe5+ Kf6 45. Rf5+ Kg6 46. h5+ Kh6 47. Rd5 Re7 48. Kg4 Re6 1/2-1/2

[Event "DVM U12w 2024"]
[Site "Bad Homburg"]
[Date "2024.12.27"]
[Round "1"]
[White "Rempel, Katharina"]
[Black "Winkler, Helena"]
[Result "1-0"]
[ECO "D00"]
[WhiteElo "851"]
[BlackElo "778"]
[Annotator "NA"]
[PlyCount "37"]
[EventDate "2024.12.23"]
[EventType "team-tourn"]
[EventRounds "7"]
[EventCountry "GER"]
[SourceTitle "playchess.com"]
[Source "ChessBase"]
[SourceQuality "1"]
[TimeControl "40/5400+30:1800+30"]

1. d4 d5 2. Nc3 Nf6 3. Bf4 Bd7 4. e3 e6 5. f3 a6 6. g4 Bd6 7. h4 Bxf4 8. exf4 Bc6 9. Bd3 Qd6 10. Nge2 a5 11. Qd2 Na6 12. a3 Rb8 13. Qe3 O-O 14. g5 Nd7 15. h5 h6 16. gxh6 gxh6 17. Rg1+ Kh8 18. f5 Rg8 19. Qxh6# 1-0

[Event "DVM U12w 2024"]
[Site "Bad Homburg"]
[Date "2024.12.27"]
[Round "1"]
[White "Senthilkumar, Vasanthi"]
[Black "Zietz, Leni"]
[Result "0-1"]
[ECO "B30"]
[WhiteElo "818"]
[BlackElo "1071"]
[Annotator "NA"]
[PlyCount "82"]
[EventDate "2024.12.23"]
[EventType "team-tourn"]
[EventRounds "7"]
[EventCountry "GER"]
[SourceTitle "playchess.com"]
[Source "ChessBase"]
[SourceQuality "1"]
[TimeControl "40/5400+30:1800+30"]

1. e4 c5 2. Nf3 d6 3. Nc3 Nc6 4. Bc4 g6 5. d3 Bg7 6. Bd2 Nf6 7. O-O O-O 8. h3 a6 9. Bf4 b5 10. Bb3 Bd7 11. d4 cxd4 12. Nxd4 Nxd4 13. Qxd4 e5 14. Qd1 exf4 15. Qxd6 f3 16. Qg3 fxg2 17. Qxg2 Bc6 18. Rfe1 Re8 19. Bd5 Nxd5 20. exd5 Bxc3 21. bxc3 Bxd5 22. Rxe8+ Qxe8 23. Qxd5 Rd8 24. Qc5 Rd2 25. Qe3 Qxe3 26. fxe3 Rxc2 27. Re1 Rxa2 28. Rc1 Kf8 29. c4 b4 30. Rb1 a5 31. c5 Rc2 32. Ra1 Rxc5 33. Ra4 b3 34. Ra1 b2 35. Rb1 Rc2 36. Kf1 a4 37. Ke1 a3 38. Kd1 Rh2 39. e4 a2 40. Rxb2 a1=Q+ 41. Rb1 Qxb1# 0-1

[Event "DVM U12w 2024"]
[Site "Bad Homburg"]
[Date "2024.12.27"]
[Round "1"]
[White "Brandt, Thea"]
[Black "He, Siqi"]
[Result "1-0"]
[ECO "C47"]
[WhiteElo "794"]
[BlackElo "870"]
[Annotator "NA"]
[PlyCount "117"]
[EventDate "2024.12.23"]
[EventType "team-tourn"]
[EventRounds "7"]
[EventCountry "GER"]
[SourceTitle "playchess.com"]
[Source "ChessBase"]
[SourceQuality "1"]
[TimeControl "40/5400+30:1800+30"]

1. e4 e5 2. Nf3 Nc6 3. Nc3 Nf6 4. b3 Bb4 5. Bb2 Bxc3 6. Bxc3 Nxe4 7. Nxe5 Nxc3 8. dxc3 Nxe5 9. Qe2 Qe7 10. f4 Ng6 11. f5 Qxe2+ 12. Bxe2 Nf4 13. Bf3 d6 14. g3 Nh3 15. Bg4 Ng5 16. h4 h5 17. hxg5 hxg4 18. Rxh8+ Ke7 19. f6+ gxf6 20. gxf6+ Kxf6 21. Rh6+ Ke7 22. O-O-O Be6 23. Rf1 Rf8 24. a4 a6 25. Re1 b5 26. a5 Re8 27. Rh4 Kd7 28. b4 c5 29. bxc5 dxc5 30. Rd1+ Kc7 31. Rh5 Kc6 32. Rh6 Kc7 33. Rd3 c4 34. Rd4 Bf5 35. Rxa6 Re3 36. Rd5 Bg6 37. Ra7+ Kc8 38. Rc5+ Kd8 39. Rxb5 Kc8 40. a6 Rxc3 41. Ra8+ Kc7 42. Rb7+ Kd6 43. Rd8+ Kc6 44. Rc8+ Kd6 45. Rb6+ Kd7 46. Rcb8 Rxc2+ 47. Kb1 Rc3+ 48. Kb2 Rc2+ 49. Ka3 Rc3+ 50. Ka4 Bc2+ 51. Kb5 Bb3 52. a7 Rxg3 53. a8=Q Ba4+ 54. Qxa4 Rb3+ 55. Kc5+ Rb5+ 56. Qxb5+ Ke7 57. Qxc4 g3 58. Qe4+ Kd7 59. Qb7# 1-0

[Event "DVM U12w 2024"]
[Site "Bad Homburg"]
[Date "2024.12.27"]
[Round "1"]
[White "Klymenko, Stefaniia"]
[Black "Kotliarova, Emily"]
[Result "0-1"]
[ECO "C50"]
[WhiteElo "785"]
[BlackElo "1139"]
[Annotator "NA RC"]
[PlyCount "128"]
[EventDate "2024.12.23"]
[EventType "team-tourn"]
[EventRounds "7"]
[EventCountry "GER"]
[SourceTitle "playchess.com"]
[Source "ChessBase"]
[SourceQuality "1"]
[TimeControl "40/5400+30:1800+30"]

1. e4 e5 2. Nf3 Nc6 3. Bc4 Bc5 4. O-O Nf6 5. Nc3 O-O 6. d3 d6 7. Bg5 h6 8. Bxf6 Qxf6 9. Nd5 Qd8 10. c3 Be6 11. d4 exd4 12. cxd4 Na5 13. Rc1 Nxc4 14. Rxc4 c6 15. dxc5 cxd5 16. exd5 Bd7 17. cxd6 Bb5 18. b3 Bxc4 19. bxc4 Qxd6 20. Re1 Rfe8 21. Rxe8+ Rxe8 22. Qd4 Qb4 23. h3 Qb1+ 24. Kh2 Qxa2 25. d6 Rd8 26. Qh4 Rxd6 27. Qe7 Re6 28. Qd8+ Kh7 29. Qd3+ g6 30. Qd5 Qxf2 31. Qd7 Rf6 32. Qxb7 Rxf3 33. Qxf3 Qxf3 34. gxf3 Kg8 35. c5 Kf8 36. c6 Ke8 37. c7 Kd7 38. c8=Q+ Kxc8 39. Kg2 Kc7 40. Kf2 a5 41. Ke2 Kd6 42. Kd2 Ke5 43. Kc3 Kf4 44. Kc4 Kxf3 45. Kb5 Kg3 46. Kxa5 f5 47. Kb4 f4 48. Kc3 Kg2 49. Kd2 f3 50. Ke3 f2 51. Kd2 f1=Q 52. Kc3 Qd1 53. Kb2 Qd5 54. Kc3 Kxh3 55. Kc2 Qd4 56. Kb1 Qc5 57. Kb2 g5 58. Kb3 g4 59. Ka4 Qb6 60. Ka3 g3 61. Ka2 g2 62. Ka3 g1=Q 63. Ka2 Qf1 64. Ka3 Qa1# 0-1